 Dungeon Crawl Stone Soup version 0.28-a0-477-g0b43c73ce0 (webtiles) character file.

Game seed: 3983944527305726509

970 Dabor the Skirmisher (level 8, -8/75 HPs)
             Began as a Naga Berserker on Sept 17, 2021.
             Was a Believer of Trog.
             Mangled by a salamander (shapeshifter) (14 damage)
             ... on level 4 of the Dungeon.
             The game lasted 00:06:17 (4438 turns).

Dabor the Skirmisher (Naga Berserker)               Turns: 4438, Time: 00:06:17

Health: -8/75      AC:  9    Str: 26    XL:     8   Next: 16%
Magic:  0/8        EV:  7    Int:  8    God:    Trog [**....]
Gold:   88         SH:  0    Dex: 12    Spells: 7/7 levels left

rFire   . . .      SeeInvis +   n - +2 quarterstaff (chaos)
rCold   . . .      Faith    .   (shield currently unavailable)
rNeg    . . .      Spirit   +   c - +0 chain mail
rPois   +          Reflect  .   (no helmet)
rElec   .          Harm     .   k - +0 cloak
rCorr   .          Rampage  .   (no gloves)
Will    ++++.                   (no barding)
Stlth   ..........              j - amulet of guardian spirit
HPRegen 1.22/turn               p - +6 ring of strength
MPRegen 0.11/turn               l - ring of willpower

@: strong-willed, regenerating, very slow
A: AC +2, large, see invisible, deformed body, poison resistance, slowness 2,
spit poison 1, naga tail 1
a: Spit Poison, Renounce Religion, Berserk, Trog's Hand


You were on level 4 of the Dungeon.
You worshipped Trog.
Trog was pleased with you.
You visited 1 branch of the dungeon, and saw 4 of its levels.

You collected 158 gold pieces.
You spent 70 gold pieces at shops.

Inventory:

Hand Weapons
 a - a +0 spear
 n - a +2 quarterstaff of chaos (weapon)
Armour
 b - a +0 animal skin
 c - a +0 chain mail (worn)
 k - a +0 cloak (worn)
Jewellery
 j - an amulet of guardian spirit (around neck)
 l - a ring of willpower (right hand)
 p - a +6 ring of strength (left hand)
 r - a ring of positive energy
Scrolls
 g - 4 scrolls of teleportation
 h - 3 scrolls of torment {unknown}
 q - a scroll of immolation {unknown}
 s - a scroll of vulnerability {unknown}
 t - 2 scrolls of blinking {unknown}
Potions
 d - a potion of resistance {unknown}
 e - 2 potions of brilliance {unknown}
 f - a potion of experience {unknown}
 i - 2 potions of haste {unknown}
 m - 2 potions of curing
 o - a potion of might


   Skills:
 + Level 5.4 Fighting
 + Level 5.4 Polearms
 + Level 4.0 Armour
 + Level 4.0 Dodging


You had 7 spell levels left.
You didn't know any spells.
Your spell library was empty.

Dungeon Overview and Level Annotations

Branches:
Dungeon (4/15)
 Temple: D:4-7

Altars:
Hepliaklqana
Ru
Uskayaw
Yredelemnul

Shops:
D:3 ((!

Annotations:
D:4 Menkaure


Innate Abilities, Weirdness & Mutations

Your serpentine skin is tough. (AC +2)
You have supernaturally acute eyesight. (SInv)
Armour fits poorly on your strangely shaped body.
Your system is resistant to poisons. (rPois)
You cover ground very slowly.
You can spit poison.
You have a snake-like lower body.


Message History

An orc, an orc warrior, an orc priest and an orc wizard come into view.
Found 20 stones.
The orc shouts!
The orc priest shouts!
The orc wizard shouts!
You hear a shout!
An orc comes into view. It is wielding a +0 club.
The orc barely misses you.
The orc warrior hits you with a +0 mace.
Menkaure, Prince of Dust comes into view.
There are monsters nearby!
Menkaure shouts!
You hit the orc warrior but do no damage.
The orc warrior changes into a shapeshifter!
The shapeshifter changes into a salamander!
The orc closely misses you. The orc hits you with a +0 mace.
The orc hits you but does no damage.
There are monsters nearby!
You closely miss the salamander. The orc barely misses you.
An orc comes into view. It is wielding a +0 whip.
Menkaure calls on the powers of darkness!
The orc convulses!
The orc wizard convulses!
The salamander convulses!
The orc convulses!
The orc priest convulses!
Your body is wracked with pain!
The orc hits you but does no damage.
The salamander picks up a +0 mace.
The salamander wields a +0 mace.
The orc hits you but does no damage.
There are monsters nearby!
You thump the salamander!
The salamander is heavily wounded.
Menkaure calls on the powers of darkness!
The orc convulses! x2; The orc priest convulses!
The salamander convulses!
The orc convulses!
Your body is wracked with pain!
The orc hits you but does no damage. The salamander hits you with a +0 mace.
* * * LOW HITPOINT WARNING * * *
You are engulfed in flames!
* * * LOW HITPOINT WARNING * * *
There are monsters nearby!
Your skin crawls.
You feel strong-willed.
Menkaure gestures wildly while chanting.
Menkaure seems to speed up.
The salamander hits you with a +0 mace!
* * * LOW HITPOINT WARNING * * *
You are engulfed in flames!
You die...

###.#.##.## ## #.#.....#
# #.#.##..# # ##+#
#.#.....# # ##...#
####.#.#...####
#.....####....#.........
......$.##.##.###..#.###
...................#.###
...####@#######.........


#.oNoo# #.#.##.### ##.o.o.# #(.....# # ##...## #... #.### #(#.. .#.##.... #.8(#.
#.### ....#.# # M.##. # # # You could see a salamander shaped shifter, Menkaure
(fast), an orc priest, an orc wizard and 3 orcs.

Vanquished Creatures
  Grinder (D:3)
  Sigmund (D:3)
  2 ogres (D:4)
  Blork the orc (D:4)
  A scorpion (D:4)
  A howler monkey (D:4)
  A gnoll shaman (D:4)
  Crazy Yiuf (D:3)
  An orc wizard (D:4)
  Natasha (twice) (D:3)
  Terence (D:3)
  3 gnolls (D:4)
  4 adders
  3 worms (D:2)
  3 dart slugs
  5 orcs (D:4)
  5 endoplasms
  2 giant cockroaches
  3 goblins
  5 hobgoblins
  4 ball pythons
  5 bats
  2 frilled lizards
  4 kobolds
  2 rats
63 creatures vanquished.

Notes
Turn   | Place    | Note
-------+----------+-------------------------------------------
     0 | D:1      | Dabor the Naga Berserker began the quest for the Orb.
     0 | D:1      | Reached XP level 1. HP: 21/21 MP: 1/1
   411 | D:1      | Found a faded altar of an unknown god.
   753 | D:2      | Reached XP level 2. HP: 24/28 MP: 2/2
   923 | D:2      | Reached XP level 3. HP: 17/34 MP: 1/3
  2110 | D:3      | Reached XP level 4. HP: 42/42 MP: 4/4
  2123 | D:3      | Reached ** piety under Trog
  2124 | D:3      | Found Yrrel's Weapon Shoppe.
  2124 | D:3      | Found Egibe's Distillery.
  2134 | D:3      | Bought a potion of curing for 30 gold pieces
  2134 | D:3      | Bought a potion of might for 40 gold pieces
  2158 | D:3      | Noticed Sigmund
  2171 | D:3      | Killed Sigmund
  2172 | D:3      | Reached XP level 5. HP: 45/50 MP: 1/5
  2172 | D:3      | Reached XP level 6. HP: 51/57 MP: 1/6
  2278 | D:3      | Noticed Natasha
  2287 | D:3      | Killed Natasha
  2425 | D:3      | Found Mojot's Antique Weapon Emporium.
  2593 | D:3      | Noticed Grinder
  2604 | D:3      | Paralysed by Grinder for 3 turns
  2611 | D:3      | Killed Grinder
  2612 | D:3      | Reached XP level 7. HP: 66/66 MP: 3/7
  2762 | D:3      | Found a hazy altar of Hepliaklqana.
  2884 | D:3      | Noticed Natasha
  2898 | D:3      | Killed Natasha
  2959 | D:3      | Noticed Terence
  2973 | D:3      | Killed Terence
  3145 | D:3      | Found a runed translucent door.
  3146 | D:3      | Noticed Crazy Yiuf
  3298 | D:3      | Killed Crazy Yiuf
  3436 | D:4      | Noticed Blork the orc
  3450 | D:4      | Killed Blork the orc
  3617 | D:4      | Reached skill level 5 in Fighting
  3617 | D:4      | Reached skill level 5 in Polearms
  3955 | D:4      | Reached XP level 8. HP: 31/74 MP: 3/8
  4251 | D:4      | Found a hide-covered altar of Uskayaw.
  4251 | D:4      | Found a sacrificial altar of Ru.
  4252 | D:4      | Found a basalt altar of Yredelemnul.
  4434 | D:4      | Noticed Menkaure
  4435 | D:4      | Noticed a shapeshifter
  4435 | D:4      | an orc warrior changed into a shapeshifter
  4435 | D:4      | Noticed a salamander
  4435 | D:4      | a shapeshifter changed into a salamander
  4438 | D:4      | Mangled by a salamander (shapeshifter)

Illustrated notes

Levels and vault maps discovered:
D:1:      sevenhm_arrival_forest_fort_small_5, layout_loops_ring,
          dreamdust_ecumenical_altar_hidden_monk_grotto, corner_web_ring,
          grunt_decor_cap
D:2:      layout_loops_ring
D:3:      layout_basic, mainiacjoe_overflow_alcove_1, serial_shops, shop,
          nicolae_shop_competitors_out_of_business, nicolae_lakefront_shop,
          uniq_sigmund, uniq_natasha, uniq_crazy_yiuf_cottage, uniq_terence,
          uniq_grinder
D:4:      layout_loops_corners, chequers_temple_overflow_statue_of_worship,
          guppyfry_early_orc_mine, uniq_blork_the_orc, uniq_menkaure

Skill      XL: |  1  2  3  4  5  6  7  8 |
---------------+-------------------------+-----
Armour         | 2 3 4 |  4.0
Dodging        | 2 3 4 |  4.0
Fighting       | 4 5 |  5.4
Polearms       | 4 5 |  5.4

Action                   |  1- 3 |  4- 6 |  7- 9 || total
-------------------------+-------+-------+-------++-------
Melee: Spear             |   133 |    50 |    27 ||   210
       Quarterstaff      |       |       |    75 ||    75
Invok: Berserk           |       |     2 |     5 ||     7
       Trog's Hand       |       |     1 |     3 ||     4
 Abil: Spit Poison       |       |       |     1 ||     1
  Use: Scroll            |       |       |     6 ||     6
 Stab: Paralysed         |       |       |     1 ||     1
Armor: Chain mail        |    48 |    24 |    40 ||   112
Dodge: Dodged            |    31 |     9 |    29 ||    69

Table legend: (Time is in decaauts)
 A = Elapsed time spent in this place.
 B = Non-inter-level travel time spent in this place.
 C = Inter-level travel time spent in this place.
 D = Time resting spent in this place.
 E = Time spent auto-exploring this place.
 F = Levels seen in this place.
 G = Mean time per level.
                   A        B        C        D        E       F      G
               +--------+--------+--------+--------+--------+-----+--------+
         Total |   5463 |   5308 |    155 |    709 |   3930 |   4 | 1365.8 |
       Dungeon |   5463 |   5308 |    155 |    709 |   3930 |   4 | 1365.8 |
               +--------+--------+--------+--------+--------+-----+--------+

Top non-repeatable levels by time:
     D:3: 1653 daAuts
     D:2: 1298 daAuts
     D:4: 1267 daAuts
     D:1: 1244 daAuts
